 Dungeon Crawl Stone Soup version 0.21.1-1-g345015f (webtiles) character file.

9477 twistedcrescendo the Fighter (level 11, -5/162 HPs)
             Began as a Minotaur Berserker on June 19, 2018.
             Was a High Priest of Trog.
             Killed from afar by Harold (16 damage)
             ... with a bolt of fire
             ... on level 1 of the Orcish Mines.
             The game lasted 01:02:42 (10768 turns).

twistedcrescendo the Fighter (Minotaur Berserker)  Turns: 10768, Time: 01:02:42

Health: -5/162     AC:  5    Str: 30    XL:     11   Next: 23%
Magic:  10/10      EV: 17    Int:  8    God:    Trog [*****.]
Gold:   806        SH:  0    Dex: 12    Spells: 10/10 levels left

rFire    + . .     SeeInvis .   w - +5 mace of the Dozen Lies {freeze, rN+ Str+2}
rCold    . . .     Gourm    .   (no shield)
rNeg     + . .     Faith    .   E - +1 leather armour {rF+}
rPois    .         Spirit   .   (helmet restricted)
rElec    .         Reflect  .   (no cloak)
rCorr    .         Harm     .   (no gloves)
MR       ++...                  (no boots)
Stlth    ..........             (no amulet)
HPRegen  1.37/turn              a - +4 ring of intelligence
MPRegen  0.12/turn              t - +2 ring of evasion

@: berserking, regenerating, very quick
A: retaliatory headbutt, horns 2
a: Berserk, Trog's Hand, Brothers in Arms, Burn Spellbooks, Renounce Religion


You were on level 1 of the Orcish Mines.
You worshipped Trog.
Trog was extremely pleased with you.
You were very hungry.

You visited 2 branches of the dungeon, and saw 10 of its levels.
You also visited: Ossuary.

You collected 966 gold pieces.
You spent 160 gold pieces at shops.

Inventory:

Hand Weapons
 p - a +4 flail
 v - a +0 whip
 w - the +5 mace of the Dozen Lies (weapon) {freeze, rN+ Str+2}
   (You bought it in a shop on level 4 of the Dungeon)

   It has been specially enchanted to freeze those struck by it, causing extra
   injury to most foes and up to half again as much damage against particularly
   susceptible opponents.
   It can also slow down cold-blooded creatures.
   It affects your strength (+2).
   It protects you from negative energy.
 y - a +1 morningstar of crushing
Armour
 j - a +1 ring mail
 o - a cursed +0 pair of boots
 E - a +1 leather armour of fire resistance (worn)
Jewellery
 a - a +4 ring of intelligence (left hand)
 t - a +2 ring of evasion (right hand)
Wands
 x - a wand of scattershot (5)
 z - a wand of iceblast (15)
 B - a wand of paralysis (16)
 C - a wand of random effects (30)
Scrolls
 b - a scroll of enchant weapon
 f - 4 scrolls of identify
 g - 3 scrolls of enchant armour
 h - 2 scrolls of magic mapping
 i - 8 scrolls of teleportation
 n - 2 scrolls of fog {unknown}
 F - a scroll of blinking
Potions
 d - a potion of heal wounds
 e - 2 potions of brilliance
 k - 3 potions of mutation
 l - a potion of cancellation
 m - a potion of agility
 q - 2 potions of lignification {unknown}
 r - a potion of degeneration {unknown}
 s - 2 potions of flight {unknown}
 u - 2 potions of haste {unknown}
 A - 2 potions of curing
 D - a potion of magic {unknown}
 I - a potion of invisibility {unknown}
Comestibles
 c - 16 rations
 G - 9 chunks of flesh


   Skills:
 + Level 13.8 Fighting
 - Level 12.0 Maces & Flails
 + Level 8.0 Armour
 + Level 7.3 Dodging


You had 10 spell levels left.
You didn't know any spells.

Dungeon Overview and Level Annotations

Branches:
Dungeon (9/15)             Temple (0/1) D:4            Lair (0/6) D:8
    Orc (1/2) D:9

Altars:
Cheibriados
Dithmenos
Hepliaklqana
Kikubaaqudgha
Okawaru
Qazlal
Trog
Uskayaw
Xom
Yredelemnul
Beogh

Shops:
D:4 (   D:7 (

Annotations:
Orc:1 Harold


Innate Abilities, Weirdness & Mutations

You reflexively headbutt those who attack you in melee.
You have a pair of horns on your head.


Message History

* * * LOW HITPOINT WARNING * * *
A red film seems to cover your vision as you go berserk!
You feel yourself moving faster!
You feel mighty!
You are feeling very hungry.
Harold hits you with a vampiric trident.
* * * LOW HITPOINT WARNING * * *
You barely miss Harold.
Harold is moderately wounded.
You bludgeon Harold!! You freeze Harold. You headbutt Harold.
Harold is severely wounded.
Harold hits you with a vampiric trident!
* * * LOW HITPOINT WARNING * * *
Harold draws strength from your wounds!
You sock Harold! You freeze Harold.
Harold is almost dead.
You barely miss Harold.
Harold is almost dead.
Harold points at you and mumbles some strange words.
The bolt of fire hits you! You resist.
You die...

### # #.# ##.
...##
#...###.#.##
....#.#....#
#......(..##
#.)@...#
#.#@#.......
#......)##@.....
.#.##.... ...#..
##.... ..# .
##.....##
#$....# .......
......$.


You could see Harold.

Vanquished Creatures
  Erica (D:8)
  The ghost of Nukog the Carver, a novice DsGl of Uskayaw (D:8)
  Pikel (D:4)
  An ugly thing (D:9)
  A kobold demonologist (D:8)
  A troll (Orc:1)
  A hippogriff (D:8)
  A wyvern (D:9)
  4 yaks (D:9)
  A steam dragon (D:8)
  Menkaure (D:6)
  4 wargs
  4 orc warriors
  5 ice beasts
  4 slaves (D:4)
  4 black bears
  2 phantoms
  3 sky beasts
  4 ogres
  A centaur (D:8)
  2 crocodiles
  8 big kobolds (D:8)
  Blork the orc (D:4)
  4 bullfrogs
  A scorpion (D:6)
  7 wights
  8 howler monkeys
  2 bullfrog zombies
  4 crimson imps
  A quasit (D:6)
  A bullfrog skeleton (D:9)
  5 hounds
  A jelly (D:8)
  11 orc priests
  13 orc wizards
  A centaur skeleton (D:4)
  2 iguanas
  4 worker ants
  2 hound skeletons
  8 mummies (Ossuary)
  2 howler monkey zombies
  3 adders
  6 gnolls
  2 shadow imps
  An ooze (D:4)
  2 adder skeletons
  2 adder zombies
  2 worms
  2 dart slugs (D:1)
  4 leopard geckos
  38 orcs
  A ball python (D:5)
  6 bats
  4 giant cockroaches
  6 goblins (D:1)
  4 hobgoblins
  9 jackals
  6 quokkas
  5 frilled lizards
  2 gnoll zombies (Ossuary)
  A goblin zombie (D:4)
  5 hobgoblin zombies (Ossuary)
  18 kobolds
  A kobold zombie (Ossuary)
  A leopard gecko zombie (D:7)
  A quokka skeleton (D:4)
  3 quokka zombies
  4 rats
272 creatures vanquished.

Notes
Turn   | Place    | Note
-------+----------+-------------------------------------------
     0 | D:1      | twistedcrescendo the Minotaur Berserker began the quest for the Orb.
     0 | D:1      | Reached XP level 1. HP: 19/19 MP: 0/0
   104 | D:1      | Reached XP level 2. HP: 23/27 MP: 1/1
   110 | D:1      | Reached skill level 4 in Fighting
   619 | D:1      | Reached XP level 3. HP: 29/33 MP: 2/2
  1350 | D:2      | Found a hazy altar of Hepliaklqana.
  1456 | D:2      | Found an iron altar of Okawaru.
  1519 | D:2      | Reached ** piety under Trog
  1532 | D:2      | Found a bloodstained altar of Trog.
  1691 | D:2      | Found a basalt altar of Yredelemnul.
  1693 | D:2      | Found a hide-covered altar of Uskayaw.
  1693 | D:2      | Found a stormy altar of Qazlal.
  1695 | D:2      | Found a shimmering altar of Xom.
  1695 | D:2      | Found a shimmering altar of Xom.
  1695 | D:2      | Found a shimmering altar of Xom.
  1962 | D:3      | Reached skill level 5 in Maces & Flails
  1962 | D:3      | Reached XP level 4. HP: 23/41 MP: 3/3
  1965 | D:3      | Reached skill level 5 in Fighting
  2491 | D:3      | HP: 2/42 [orc priest/divine providence (13)]
  2497 | D:3      | Reached XP level 5. HP: 13/48 MP: 4/4
  2926 | D:4      | Found a staircase to the Ecumenical Temple.
  2995 | D:4      | Found Muidgh's Antique Weapon Emporium.
  3008 | D:4      | Found an ancient bone altar of Kikubaaqudgha.
  3054 | D:4      | Found a sand-covered staircase.
  3061 | Ossuary  | Entered an ossuary
  3074 | Ossuary  | Reached skill level 6 in Fighting
  3316 | Ossuary  | Reached XP level 6. HP: 44/57 MP: 5/5
  3584 | D:4      | Reached *** piety under Trog
  3694 | D:4      | Noticed a slave
  3695 | D:4      | Noticed a slave
  3696 | D:4      | Noticed an ice beast
  3696 | D:4      | Noticed a slave
  3696 | D:4      | Noticed a slave
  3697 | D:4      | Noticed Pikel
  3707 | D:4      | Killed a slave
  3711 | D:4      | Killed an ice beast
  3711 | D:4      | Reached skill level 7 in Fighting
  3712 | D:4      | Killed a slave
  3712 | D:4      | Killed a slave
  3713 | D:4      | Killed a slave
  3715 | D:4      | Killed Pikel
  3715 | D:4      | Reached skill level 8 in Fighting
  3715 | D:4      | Reached XP level 7. HP: 21/69 MP: 6/6
  3991 | D:4      | Reached XP level 8. HP: 46/75 MP: 7/7
  4024 | D:4      | Bought a smoking mace for 160 gold pieces
  4024 | D:4      | Identified the +5 mace of the Dozen Lies {freeze, rN+ Str+2} (You bought it in a shop on level 4 of the Dungeon)
  4309 | D:4      | Noticed Blork the orc
  4315 | D:4      | Killed Blork the orc
  4315 | D:4      | Reached skill level 9 in Fighting
  4897 | D:5      | Entered Level 5 of the Dungeon
  5016 | D:5      | Found a basalt altar of Yredelemnul.
  5180 | D:5      | Found a hide-covered altar of Uskayaw.
  5547 | D:6      | Found a shadowy altar of Dithmenos.
  5605 | D:6      | Noticed Menkaure
  5614 | D:6      | Killed Menkaure
  5887 | D:6      | Found a snail-covered altar of Cheibriados.
  5964 | D:6      | Reached skill level 10 in Fighting
  5964 | D:6      | Reached skill level 10 in Maces & Flails
  6307 | D:6      | Reached XP level 9. HP: 47/86 MP: 8/8
  6356 | D:6      | Reached **** piety under Trog
  6493 | D:7      | Reached skill level 11 in Fighting
  6821 | D:7      | Found Lit Ong's Antique Weapon Shoppe.
  7452 | D:8      | Reached skill level 12 in Fighting
  7546 | D:8      | Noticed Nukog's ghost (novice DsGl)
  7559 | D:8      | Killed Nukog's ghost
  7559 | D:8      | Reached XP level 10. HP: 64/97 MP: 9/9
  7899 | D:8      | Found an iron altar of Okawaru.
  8004 | D:8      | Reached skill level 5 in Armour
  8324 | D:8      | Reached skill level 5 in Dodging
  8373 | D:8      | Found a staircase to the Lair.
  8431 | D:8      | Reached ***** piety under Trog
  8500 | D:8      | Noticed Erica
  8510 | D:8      | Killed Erica
  8510 | D:8      | Reached skill level 13 in Fighting
  8649 | D:8      | Found a stormy altar of Qazlal.
  8720 | D:8      | Noticed a soul eater
  8729 | D:8      | Noticed an orange demon
  9100 | D:9      | Found a staircase to the Orcish Mines.
  9190 | D:9      | Reached XP level 11. HP: 25/107 MP: 10/10
  9534 | D:9      | Paralysed by a wight for 3 turns
  9780 | D:9      | Noticed a cyan ugly thing
  9793 | D:9      | Killed a cyan ugly thing
 10451 | D:9      | Found a roughly hewn altar of Beogh.
 10583 | Orc:1    | Entered Level 1 of the Orcish Mines
 10583 | Orc:1    | Noticed Harold
 10768 | Orc:1    | Killed from afar by Harold

Skill      XL: |  1  2  3  4  5  6  7  8  9 10 11 |
---------------+----------------------------------+-----
Maces & Flails | 4 5 6 8 10 12 | 12.0
Fighting       | 4 5 6 8 10 12 13 | 13.8
Armour         | 3 7 8 |  8.0
Dodging        | 3 6 7 |  7.3

Action                   |  1- 3 |  4- 6 |  7- 9 | 10-12 || total
-------------------------+-------+-------+-------+-------++-------
Melee: Mace              |    71 |   127 |   236 |   220 ||   654
       Headbutt          |    13 |    31 |    44 |    45 ||   133
Invok: Berserk           |     1 |     2 |     4 |     7 ||    14
       Trog's Hand       |       |     1 |     2 |     4 ||     7
  Use: Potion            |       |     1 |       |     2 ||     3
       Scroll            |       |     7 |    10 |       ||    17
 Stab: Sleeping          |     1 |       |       |       ||     1
  Eat: Chunk             |     3 |     8 |    14 |    14 ||    39
       Ration            |       |       |     1 |     1 ||     2
Armor: Animal skin       |    12 |       |       |       ||    12
       Ring mail         |    11 |    45 |    70 |    66 ||   192
       Leather armour    |       |       |       |    14 ||    14
Dodge: Dodged            |    51 |    85 |   117 |   178 ||   431
